 Dungeon Crawl Stone Soup version 0.23-a0-358-g98c7a59 (webtiles) character file.

111 BingusPrime the Sneak (level 4, 0/29 HPs)
             Began as an Octopode Assassin on Oct 22, 2018.
             Slain by Duvessa
             ... wielding a +2 short sword of holy wrath
              (3 damage)
             ... on level 4 of the Dungeon.
             The game lasted 00:05:26 (2733 turns).

BingusPrime the Sneak (Octopode Assassin)           Turns: 2733, Time: 00:05:26

Health: 0/29       AC:  1    Str: 10    XL:     4   Next: 92%
Magic:  4/4        EV: 18    Int: 13    God:
Gold:   144        SH:  0    Dex: 19    Spells: 3/3 levels left

rFire    . . .     SeeInvis .   a - +2 dagger
rCold    . . .     Gourm    .   (no shield)
rNeg     . . .     Faith    .   (helmet restricted)
rPois    .         Spirit   .   (no amulet)
rElec    .         Reflect  .   i - ring of flight
rCorr    .         Harm     .   (no ring)
MR       .....                  (no ring)
Stlth    ++++++....             (no ring)
HPRegen  0.09/turn              (no ring)
MPRegen  0.09/turn              (no ring)
                                (no ring)
                                (no ring)

@: agile
A: almost no armour, stealthy swim, amphibious, 8 rings, constrict 8, camouflage
1, gelatinous body 1
a: Evoke Flight


You were on level 4 of the Dungeon.
You were hungry.

You visited 1 branch of the dungeon, and saw 5 of its levels.

You collected 144 gold pieces.

Inventory:

Hand Weapons
 a - a +2 dagger (weapon)
 b - a +0 blowgun
Missiles
 c - 8 poisoned needles
 d - 2 curare-tipped needles
Jewellery
 i - a ring of flight (left tentacle)
Scrolls
 e - 2 scrolls of remove curse {unknown}
 h - a scroll of amnesia {unknown}
 l - a scroll of blinking {unknown}
 n - a scroll of teleportation {unknown}
 o - a scroll of magic mapping {unknown}
 p - 2 scrolls of identify {unknown}
 r - 2 scrolls of random uselessness {unknown}
Potions
 g - a potion of curing
 k - a potion of lignification {unknown}
 m - a potion of invisibility {unknown}
 q - a potion of berserk rage {unknown}
 t - a potion of haste {unknown}
Comestibles
 f - 5 rations


   Skills:
 + Level 2.1 Fighting
 + Level 2.4 Short Blades
 + Level 2.1 Throwing
 + Level 1.1 Dodging
 * Level 7.9 Stealth


You had 3 spell levels left.
You didn't know any spells.
Your spell library was empty.

Dungeon Overview and Level Annotations

Branches:
Dungeon (5/15)
 Temple: D:4-7

Altars:
Cheibriados
Makhleb
Nemelex Xobeh

Shops:
D:4 !

Annotations:
D:4 Dowan, Duvessa


Innate Abilities, Weirdness & Mutations

You cannot wear most types of armour.
You are very stealthy in the water. (Stealth+)
You are amphibious.
You can wear up to eight rings at the same time.
You can use your tentacles to constrict eight enemies at once.
Your skin changes colour to match your surroundings (Stealth+).
Your rubbery body absorbs attacks. (AC +1, EV +1)


Message History

You climb upwards.
You are feeling hungry.
There is a stone staircase leading down, spattered with blood here.
Dowan casts a spell.
Dowan blinks!
Duvessa closely misses you.
Dowan points at Duvessa and mumbles some strange words.
Duvessa seems to speed up.
Duvessa hits you but does no damage.
Duvessa hits you with a +2 short sword of holy wrath.
Dowan mumbles some strange words.
Dowan blinks!
Duvessa hits you with a +2 short sword of holy wrath.
* * * LOW HITPOINT WARNING * * *
Duvessa hits you with a +2 short sword of holy wrath.
* * * LOW HITPOINT WARNING * * *
It was a potion of agility.
You feel agile all of a sudden.
Duvessa says, "I don't care about looks, I care about technique!"
Duvessa hits you with a +2 short sword of holy wrath.
You die...

...#######
.......@.#
...#####e#
## #.# #.
###.########
##.##
#...........
....#
#.##.#######
##..######
#.##........
........<#
#.##..######
##..####.#
#.##..#


You could see Duvessa.

Vanquished Creatures
  A hound (D:3)
  2 adders
  An ooze (D:1)
  An adder skeleton (D:3)
  A dart slug (D:1)
  2 orcs (D:3)
  A ball python (D:1)
  2 giant cockroaches
  4 goblins
  7 hobgoblins
  4 jackals (D:3)
  A quokka (D:3)
  6 bats
  4 frilled lizards
  A jackal skeleton (D:3)
  6 kobolds
  4 rats
48 creatures vanquished.

Notes
Turn   | Place    | Note
-------+----------+-------------------------------------------
     0 | D:1      | BingusPrime the Octopode Assassin began the quest for the
                  | Orb.
     0 | D:1      | Reached XP level 1. HP: 14/14 MP: 1/1
   134 | D:1      | Reached XP level 2. HP: 3/19 MP: 2/2
   490 | D:1      | Reached skill level 6 in Stealth
  1380 | D:2      | Reached XP level 3. HP: 22/24 MP: 3/3
  1707 | D:2      | Reached skill level 7 in Stealth
  2215 | D:3      | Reached XP level 4. HP: 29/29 MP: 4/4
  2256 | D:3      | Found a snail-covered altar of Cheibriados.
  2388 | D:3      | Found a burning altar of Makhleb.
  2554 | D:3      | Found a sparkling altar of Nemelex Xobeh.
  2670 | D:4      | Found Gyocam's Distillery.
  2693 | D:4      | Noticed Dowan
  2695 | D:4      | Noticed Duvessa
  2700 | D:5      | Entered Level 5 of the Dungeon
  2733 | D:4      | Slain by Duvessa

Vault maps used:
D:1:      dpeg_arrival_three_bigger_balls
D:2:      first_ration, chequers_avenue
D:3:      nicolae_overflow_hidden_temple, overflow_temple_1_default,
          makhleb_blood_cavern_becter
D:4:      serial_shops, shop, uniq_natasha, uniq_pikel, uniq_sigmund,
          uniq_duvessa
D:5:      minitemple, skrybe_limestone_x, kennysheep_another_room,
          kennysheep_slug_shrine

Skill      XL: |  1  2  3 |
---------------+----------+-----
Stealth        | 6 7 |  7.9
Fighting       | |  2.1
Short Blades   | |  2.4
Throwing       | |  2.1
Dodging        | |  1.1

Action                   |  1- 3 |  4- 6 || total
-------------------------+-------+-------++-------
Melee: Dagger            |    66 |    23 ||    89
       Constrict         |    18 |     5 ||    23
       Tentacles         |     9 |     3 ||    12
  Use: Potion            |       |     2 ||     2
 Stab: Sleeping          |    11 |     4 ||    15
  Eat: Chunk             |     3 |     2 ||     5
Armor: Skin              |     3 |     7 ||    10
Dodge: Dodged            |    24 |    24 ||    48

Table legend:
 A = Non-vault XP
 B = Vault XP
 C = Vault XP percentage of total XP
 D = Non-vault monster count
 E = Vault monster count
 F = Vault count percentage of total count
                 A         B        C        D         E       F
            +---------+---------+-------+---------+---------+-------
      Total |     116 |      43 |  27.0 |      47 |       1 |   2.1
            +---------+---------+-------+---------+---------+-------
        D:1 |      32 |       0 |   0.0 |      15 |       0 |   0.0
        D:2 |      34 |       0 |   0.0 |      13 |       0 |   0.0
        D:3 |      50 |      43 |  46.2 |      19 |       1 |   5.0
            +---------+---------+-------+---------+---------+-------
